 Dungeon Crawl Stone Soup version 0.26-a0-1053-gaff5f71418 (webtiles) character file.

Game seed: 15261449986863849441

201 stormannn the Chiller (level 5, -1/38 HPs)
             Began as a Ghoul Ice Elementalist on Dec 12, 2020.
             Slain by an orc
             ... wielding a +0 club
              (4 damage)
             ... on level 2 of the Dungeon.
             The game lasted 00:03:28 (3465 turns).

stormannn the Chiller (Ghoul Ice Elementalist)      Turns: 3465, Time: 00:03:30

Health: -1/38      AC:  2    Str: 12    XL:     5   Next: 79%
Magic:  0/8        EV: 13    Int: 11    God:
Gold:   120        SH:  0    Dex:  9    Spells: 9/10 levels left

rFire    . . .     SeeInvis .   (no weapon)
rCold    + . .     Faith    .   (no shield)
rNeg     + + +     Spirit   .   a - +0 robe
rPois    ∞         Reflect  .   (no helmet)
rElec    .         Harm     .   (no cloak)
rCorr    .         Rampage  .   (no gloves)
Will     .....                  (no boots)
Stlth    ++........             (no amulet)
HPRegen  0.00/turn              f - ring of positive energy
MPRegen  0.11/turn              (no ring)

@: no status effects
A: rotting body, claws 1, cold resistance 1, negative energy resistance 3,
inhibited regeneration, torment resistance, unbreathing
a: no special abilities


You were on level 2 of the Dungeon.
You visited 1 branch of the dungeon, and saw 2 of its levels.

You collected 120 gold pieces.

Inventory:

Armour
 a - a +0 robe (worn)
Jewellery
 f - a ring of positive energy (left claw)
 k - an uncursed ring of willpower {unknown}
Scrolls
 c - a scroll of identify {unknown}
 h - a scroll of amnesia {unknown}
 j - a scroll of remove curse {unknown}
Potions
 b - a potion of haste {unknown}
 d - a potion of ambrosia {unknown}
 e - a potion of heal wounds {unknown}
 g - a potion of mutation {unknown}
 i - a potion of might {unknown}


   Skills:
 + Level 3.3 Dodging
 - Level 2.1 Stealth
 + Level 3.1 Spellcasting
 + Level 5.5 Ice Magic


You had 9 spell levels left.
You knew the following spells:

 Your Spells              Type           Power        Failure   Level
a - Freeze                Ice            ##..         2%          1

Your spell library contained the following spells:

 Spells                   Type           Power        Failure   Level
 Frozen Ramparts          Ice            ##....       8%          3
 Ozocubu's Armour         Ice            ##......     8%          3
 Hailstorm                Conj/Ice       #.......     63%         4
 Summon Ice Beast         Ice/Summ       #.......     63%         4


Dungeon Overview and Level Annotations

Branches:
Dungeon (2/15)

Altars:
Cheibriados


Innate Abilities, Weirdness & Mutations

Your body is rotting away.
You thrive by killing the living.
You are immune to poison.
You have sharp fingernails.
Your flesh is cold resistant. (rC+)
You are immune to negative energy. (rN+++)
You do not regenerate when monsters are visible.
You are immune to unholy pain and torment.
You can survive without breathing.


Message History

The orc is heavily wounded.
The orc hits you with a +0 club.
* * * LOW HITPOINT WARNING * * *
You closely miss the orc.
The orc is heavily wounded.
You scratch the orc.
The orc is heavily wounded.
The orc misses you.
You barely miss the orc.
The orc is heavily wounded.
The orc closely misses you.
Casting: Freeze (safe; 2% risk of failure)
Confirm with . or Enter, or press ? or * to list all spells.
Aiming: Freeze (safe; 2% risk of failure)
Press: ? - help, Shift-Dir - straight line, f/p - orc
Aim: an orc, wielding a +0 club and wearing a +0 leather armour (heavily wounded)
You freeze the orc.
The orc is severely wounded.
The orc hits you with a +0 club.
You die...

###...#.# #... ...
#.# #.#
..#####.####
...........# ###
......<.##.# #.#
.....##.##.# #.#
.....##.##.# #o#
.....##.##.# #@#
.....##.##.# #.#
...#.......#####.#
..............##.#
..#####.#####.##.#
..# #.# #.##.# ..#
.#. #.##.# [.
##.#####>##.# .
..(........#


You could see an orc.

Vanquished Creatures
  2 orc wizards (D:2)
  A hound zombie (D:2)
  4 gnolls (D:2)
  4 adders
  A dart slug (D:2)
  2 leopard geckos (D:2)
  4 orcs (D:2)
  3 giant cockroaches
  4 goblins
  10 hobgoblins
  6 bats
  A frilled lizard (D:1)
  7 kobolds
  6 rats
55 creatures vanquished.

Vanquished Creatures (others)
  4 toadstools (D:1)
4 creatures vanquished.

Grand Total: 59 creatures vanquished

Notes
Turn   | Place    | Note
-------+----------+-------------------------------------------
     0 | D:1      | stormannn the Ghoul Ice Elementalist began the quest for
                  | the Orb.
     0 | D:1      | Reached XP level 1. HP: 14/14 MP: 2/2
   620 | D:1      | Reached XP level 2. HP: 20/20 MP: 2/4
  1750 | D:1      | Reached XP level 3. HP: 16/26 MP: 0/5
  2168 | D:2      | Reached skill level 5 in Ice Magic
  2168 | D:2      | Reached XP level 4. HP: 23/33 MP: 1/6
  2851 | D:2      | Found a snail-covered altar of Cheibriados.
  2857 | D:2      | Reached XP level 5. HP: 38/38 MP: 5/8
  3465 | D:2      | Slain by an orc

Illustrated notes

Levels and vault maps discovered:
D:1:      ldierk_walled_garden_2, layout_basic, minmay_misc_feat_ornament,
          hangedman_decor_slide_cut, serial_bayou_ford_a
D:2:      layout_loops_ring, cheibriados_altar_1,
          gammafunk_temple_overflow_pools

Skill      XL: |  1  2  3  4  5 |
---------------+----------------+-----
Dodging        | 2 3 |  3.3
Spellcasting   | 2 3 |  3.1
Ice Magic      | 5 |  5.5
Stealth        | |  2.1

Action                   |  1- 3 |  4- 6 || total
-------------------------+-------+-------++-------
Melee: Unarmed           |    23 |    38 ||    61
 Cast: Freeze            |    46 |    52 ||    98
Armor: Robe              |     7 |     9 ||    16
Dodge: Dodged            |    46 |    45 ||    91

Table legend: (Time is in decaauts)
 A = Elapsed time spent in this place.
 B = Non-inter-level travel time spent in this place.
 C = Inter-level travel time spent in this place.
 D = Time resting spent in this place.
 E = Time spent auto-exploring this place.
 F = Levels seen in this place.
 G = Mean time per level.
                   A        B        C        D        E       F      G
               +--------+--------+--------+--------+--------+-----+--------+
         Total |   3476 |   3448 |     28 |   1663 |   1386 |   2 | 1738.0 |
       Dungeon |   3476 |   3448 |     28 |   1663 |   1386 |   2 | 1738.0 |
               +--------+--------+--------+--------+--------+-----+--------+

Top non-repeatable levels by time:
     D:1: 1927 daAuts
     D:2: 1549 daAuts
